 Dungeon Sprint DCSS version 0.28.0-53-g5a82cb258f (webtiles) character file.

Game seed: 13713578331526409451

5700000 Zeld the Intangible (level 25, -82/214 HPs)
             Began as a Djinni Monk on June 5, 2022.
             Was the Champion of Makhleb.
             Annihilated by The Servant
             ... wielding a +9 glaive of flaming
              (129 damage)
             ... in the Dungeon (Sprint VIII: "Arena of Blood").
             The game lasted 00:01:38 (57 turns).

Zeld the Intangible (Djinni Monk)                     Turns: 57, Time: 00:01:39

Health: -82/214    AC:  3    Str: 18    XL:     25   Next: 40%
Gold:   0          EV: 30    Int: 14    God:    Makhleb [******] SH:  0 Dex: 18

rFire   + + .      SeeInvis .   g - +∞ Axe of Woe
rCold   x . .      Faith    .   (shield currently unavailable)
rNeg    . . .      Spirit   .   a - +0 robe
rPois   ∞          Reflect  .   (no helmet)
rElec   .          Harm     .   (no cloak)
rCorr   .          Rampage  .   (no gloves)
Will    ++...      NoTele   +   (boots unavailable)
Stlth   ++........              (no amulet)
HPRegen 0.45/turn               (no ring)
MPRegen 0.00/turn               (no ring)

@: flying
A: sickness immunity, fire resistance 2, cold vulnerability 1, float, innate
caster, HP casting, extra vitality 1
a: Renounce Religion, Minor Destruction, Lesser Servant of Makhleb, Major
Destruction, Greater Servant of Makhleb


You were in the Dungeon.
You worshipped Makhleb.
Makhleb was exalted by your worship.
You visited 1 branch

Inventory:

Hand Weapons
 g - the +∞ Axe of Woe (weapon)
   (You found it in the Dungeon)
Armour
 a - a +0 robe (worn)
Potions
 b - a potion of curing
 c - a potion of heal wounds
 d - a potion of haste
 e - a potion of berserk rage


   Skills:
 O Level 27 Fighting
 + Level 20.6(23.9) Short Blades
 + Level 20.6(23.9) Long Blades
 O Level 27 Axes
 + Level 19.1(27) Maces & Flails
 + Level 19.1(27) Polearms
 + Level 19.5(25.9) Staves
 + Level 18.1(21.0) Slings
 + Level 18.1 Bows
 + Level 18.1 Crossbows
 + Level 18.1(21.0) Throwing
 + Level 21.1 Armour
 O Level 27 Dodging
 - Level 1.5 Stealth
 + Level 21.1 Shields
 - Level 3.0 Unarmed Combat
 O Level 27 Spellcasting
 O Level 27 Invocations
 + Level 21.1 Evocations


You had 16 spell levels left.
You knew the following spells:

 Your Spells              Type           Power      Damage    Failure   Level
a - Sting                 Tmut/Pois      100%       1d8       0%          1
b - Searing Ray           Conj           100%       2d8       0%          2
c - Tukima's Dance        Hex            76%        N/A       0%          3
d - Ignite Poison         Fire/Tmut/Pois 76%        N/A       0%          3
e - Fireball              Conj/Fire      38%        3d16      0%          5
f - Freezing Cloud        Conj/Ice/Air   38%        6-21      0%          5
g - Eringya's Noxious Bo  Tmut/Pois      38%        N/A       0%          6
h - Summon Hydra          Summ           38%        N/A       1%          7
i - Enfeeble              Hex            38%        N/A       1%          7
j - Dragon Form           Tmut           38%        N/A       1%          7
k - Haunt                 Necr/Summ      38%        N/A       1%          7
l - Fire Storm            Conj/Fire      38%        8d10      2%          9
Your spell library was empty.

Dungeon Overview and Level Annotations

Branches:
Dungeon (1/1)

Altars:
Makhleb

Annotations:
D The Servant


Innate Abilities, Weirdness & Mutations

You are immune to sickness and miasma.
You are immune to poison.
Your flesh is very heat resistant. (rF++)
You are vulnerable to cold. (rC-)
You float through the air rather than walking.
You learn spells naturally, not from books.
Your magical power is your life essence.
You have superior vitality. (+4 MHP)


Message History

You hear a shout!
The bag of meat is engulfed in blazing flames.
You hear a shout!
The destroyer is engulfed in blazing flames.
A bag of meat comes into view. It is wielding a +9 war axe.
The meat berserker rages.
The Servant is engulfed in blazing flames.
The Servant hits you from afar with a +9 glaive of flaming!!!!
Ouch! That really hurt!
The Servant burns you!
You hear a shout!
Your base Maces & Flails skill increases to level 19!
Your base Polearms skill increases to level 19!
Your base Slings skill increases to level 18!
Your Bows skill increases to level 18!
Your Crossbows skill increases to level 18!
Your base Throwing skill increases to level 18!
Your Armour skill increases to level 21!
Your Shields skill increases to level 21!
Your Evocations skill increases to level 21!
Unknown command.
Unknown command.
Unknown command.
You are too injured to fight recklessly!
A tyrant, a bag of meat and a meat berserker come into view.
You are engulfed in blazing flames.
You resist.
The bag of meat shouts!
You hear a shout! x3
The bag of meat is engulfed in blazing flames.
The bag of meat misses you.
The large bag of meat is engulfed in blazing flames.
You hear a shout! x3
A bag of meat comes into view. It is wielding a +9 war axe.
The tyrant waves its bony arms in wide circles.
The air twists around and strikes you!!
* * * LOW HITPOINT WARNING * * *
An accursed comes into view.
The Servant is engulfed in blazing flames.
The Servant hits you from afar with a +9 glaive of flaming!!!!
Ouch! That really hurt!
You die...

#....z○☼# .....
.O.....)○).........
........°°○..#...#
...o.....o.o#..o.#
.........o##O.o.. o
........#o.oL. .L.
.......o#o@o###..o.
.#......O§oO.....#M
.....Oz§@o......
.....####.......
.... ......# ...
...#### .= #### #


You could see an accursed (wandering), 2 tyrants, The Servant, a sculptor of
flesh, a large bag of meat (inner flame), 3 meat berserkers and 12 bags of meat.

Vanquished Creatures
  7 vampire knights (D)
  17 ogres (D)
  6 two-headed ogres (D)
  A hydra (D)
  22 orcs (D)
  A skeletal warrior (D)
54 creatures vanquished.

Notes
Turn   | Place    | Note
-------+----------+-------------------------------------------
     0 | D        | Found the +∞ Axe of Woe
     0 | D        | Zeld the Djinni Monk began the quest for the Orb.
     0 | D        | Reached XP level 1. HP: 20/20 MP: 0/0
     1 | D        | Noticed a meat berserker
     2 | D        | Noticed a bag of meat
     4 | D        | Became a worshipper of Makhleb the Destroyer
     4 | D        | Reached * piety under Makhleb
     4 | D        | Reached ** piety under Makhleb
     5 | D        | Killed a meat berserker
     6 | D        | Reached skill level 15 in Fighting
     6 | D        | Reached XP level 2. HP: 43/43 MP: 0/0
     6 | D        | Reached XP level 3. HP: 49/49 MP: 0/0
     6 | D        | Learned a level 1 spell: Sting
     6 | D        | Reached XP level 4. HP: 55/55 MP: 0/0
     6 | D        | Reached XP level 5. HP: 60/60 MP: 0/0
     6 | D        | Learned a level 2 spell: Searing Ray
     6 | D        | Reached XP level 6. HP: 67/67 MP: 0/0
     6 | D        | Reached XP level 7. HP: 72/72 MP: 0/0
     6 | D        | Learned a level 3 spell: Tukima's Dance
     6 | D        | Reached XP level 8. HP: 78/78 MP: 0/0
     6 | D        | Reached XP level 9. HP: 84/84 MP: 0/0
     6 | D        | Learned a level 3 spell: Ignite Poison
     6 | D        | Reached XP level 10. HP: 90/90 MP: 0/0
     6 | D        | Reached XP level 11. HP: 95/95 MP: 0/0
     6 | D        | Learned a level 5 spell: Fireball
     6 | D        | Reached XP level 12. HP: 102/102 MP: 0/0
     6 | D        | Noticed a bag of meat
     6 | D        | Noticed a bag of meat
     8 | D        | Noticed a bag of meat
     8 | D        | Noticed a meat berserker
     9 | D        | Killed a bag of meat
     9 | D        | Noticed a meat berserker
    10 | D        | Reached skill level 10 in Spellcasting
    10 | D        | Reached XP level 13. HP: 101/111 MP: 0/0
    10 | D        | Learned a level 5 spell: Freezing Cloud
    11 | D        | Noticed a meat berserker
    13 | D        | Killed a meat berserker
    13 | D        | Reached *** piety under Makhleb
    13 | D        | Noticed a bag of meat
    14 | D        | Reached skill level 15 in Invocations
    14 | D        | Reached XP level 14. HP: 121/121 MP: 0/0
    14 | D        | Noticed a bag of meat
    15 | D        | Killed a meat berserker
    16 | D        | Killed a bag of meat
    16 | D        | Killed a meat berserker
    16 | D        | Killed a bag of meat
    16 | D        | Reached **** piety under Makhleb
    17 | D        | Reached skill level 15 in Spellcasting
    17 | D        | Reached XP level 15. HP: 37/133 MP: 0/0
    17 | D        | Learned a level 6 spell: Eringya's Noxious Bog
    17 | D        | Noticed a meat berserker
    19 | D        | Noticed a meat berserker
    20 | D        | Noticed a meat berserker
    21 | D        | Killed a meat berserker
    21 | D        | Reached ***** piety under Makhleb
    22 | D        | Reached XP level 16. HP: 51/145 MP: 0/0
    22 | D        | Killed a meat berserker
    23 | D        | Reached XP level 17. HP: 98/152 MP: 0/0
    23 | D        | Learned a level 7 spell: Summon Hydra
    25 | D        | Killed a meat berserker
    25 | D        | Noticed a destroyer
    27 | D        | Noticed an eight-headed meat hydra
    27 | D        | Noticed a meat berserker
    28 | D        | Reached skill level 27 in Dodging
    28 | D        | Reached XP level 18. HP: 163/163 MP: 0/0
    28 | D        | Killed a nine-headed meat hydra
    29 | D        | Noticed a large bag of meat
    30 | D        | Noticed The Servant
    30 | D        | Noticed a large bag of meat
    32 | D        | Killed a meat berserker
    33 | D        | Killed a large bag of meat
    33 | D        | Reached ****** piety under Makhleb
    34 | D        | Reached skill level 27 in Fighting
    34 | D        | Reached XP level 19. HP: 172/174 MP: 0/0
    34 | D        | Learned a level 7 spell: Enfeeble
    34 | D        | Noticed a meat berserker
    35 | D        | Noticed a large bag of meat
    35 | D        | Noticed a large bag of meat
    35 | D        | Noticed a destroyer
    35 | D        | Noticed a sculptor of flesh
    36 | D        | Noticed a large bag of meat
    36 | D        | Noticed a meat berserker
    36 | D        | Noticed a large bag of meat
    36 | D        | Noticed a large bag of meat
    37 | D        | Noticed a meat berserker
    37 | D        | Noticed a sculptor of flesh
    37 | D        | Killed a destroyer
    37 | D        | Killed a sculptor of flesh
    38 | D        | Reached skill level 27 in Axes
    38 | D        | Reached skill level 27 in Invocations
    38 | D        | Killed a meat berserker
    39 | D        | Killed a destroyer
    39 | D        | Killed a large bag of meat
    40 | D        | Reached skill level 27 in Spellcasting
    40 | D        | Reached XP level 20. HP: 173/181 MP: 0/0
    40 | D        | Killed a meat berserker
    40 | D        | Killed a large bag of meat
    40 | D        | Noticed a destroyer
    40 | D        | Noticed a meat berserker
    40 | D        | Noticed a destroyer
    41 | D        | Reached XP level 21. HP: 20/187 MP: 0/0
    41 | D        | Learned a level 7 spell: Dragon Form
    41 | D        | Noticed a destroyer
    41 | D        | Noticed a destroyer
    41 | D        | Noticed a destroyer
    41 | D        | Noticed a meat berserker
    41 | D        | Noticed a large bag of meat
    42 | D        | Noticed a meat berserker
    42 | D        | Noticed a meat berserker
    42 | D        | Noticed a meat berserker
    42 | D        | Noticed a meat berserker
    43 | D        | Killed a destroyer
    43 | D        | Killed a destroyer
    44 | D        | Reached skill level 10 in Short Blades
    44 | D        | Reached skill level 10 in Long Blades
    44 | D        | Reached skill level 10 in Staves
    44 | D        | Reached skill level 10 in Armour
    44 | D        | Reached skill level 10 in Shields
    44 | D        | Reached skill level 10 in Evocations
    45 | D        | Killed a meat berserker
    45 | D        | Killed a destroyer
    46 | D        | Reached skill level 10 in Slings
    46 | D        | Reached skill level 10 in Bows
    46 | D        | Reached skill level 10 in Crossbows
    46 | D        | Reached skill level 10 in Throwing
    46 | D        | Reached XP level 22. HP: 153/194 MP: 0/0
    46 | D        | Noticed a destroyer
    47 | D        | Killed a meat berserker
    47 | D        | Killed a meat berserker
    48 | D        | Killed a meat berserker
    48 | D        | Killed a destroyer
    49 | D        | Reached skill level 15 in Short Blades
    49 | D        | Reached skill level 15 in Long Blades
    49 | D        | Reached skill level 15 in Armour
    49 | D        | Reached skill level 15 in Shields
    49 | D        | Reached skill level 15 in Evocations
    49 | D        | Reached XP level 23. HP: 201/201 MP: 0/0
    49 | D        | Learned a level 7 spell: Haunt
    51 | D        | Reached skill level 15 in Maces & Flails
    51 | D        | Reached skill level 15 in Polearms
    51 | D        | Reached skill level 15 in Staves
    52 | D        | Noticed a tyrant
    52 | D        | Killed a large bag of meat
    52 | D        | Killed a destroyer
    53 | D        | Reached XP level 24. HP: 193/208 MP: 0/0
    53 | D        | Killed a large bag of meat
    54 | D        | Killed a large bag of meat
    55 | D        | Reached XP level 25. HP: 200/214 MP: 0/0
    55 | D        | Learned a level 9 spell: Fire Storm
    57 | D        | Noticed a tyrant
    57 | D        | Noticed an accursed
    57 | D        | Annihilated by The Servant

Illustrated notes

Levels and vault maps discovered:
D:        meatsprint

Skill      XL: |  1  2  3  4  5  6  7  8  9 10 11 12 13 14 15 16 17 18 19 20 21 22 23 24 25 |
---------------+----------------------------------------------------------------------------+-----
Fighting       | 15 16 18 21 23 25 27 | 27.0
Axes           | 11 12 13 16 19 20 22 26 27 | 27.0
Dodging        | 16 17 19 22 24 25 27 | 27.0
Spellcasting   | 9 10 12 15 16 18 19 27 | 27.0
Invocations    | 12 13 15 19 20 21 23 25 27 | 27.0
Short Blades   | 8 12 15 18 20 | 20.6
Long Blades    | 8 12 15 18 20 | 20.6
Maces & Flails | 7 11 14 16 18 19 | 19.1
Polearms       | 7 11 14 16 18 19 | 19.1
Staves         | 7 11 14 17 19 | 19.5
Slings         | 6 10 13 16 17 18 | 18.1
Bows           | 6 10 13 16 17 18 | 18.1
Crossbows      | 6 10 13 16 17 18 | 18.1
Throwing       | 6 10 13 16 17 18 | 18.1
Armour         | 8 12 15 18 20 21 | 21.1
Shields        | 8 12 15 18 20 21 | 21.1
Evocations     | 8 12 15 18 20 21 | 21.1
Stealth        | |  1.5
Unarmed Combat | |  3.0

Action                   |  1- 3 |  4- 6 |  7- 9 | 10-12 | 13-15 | 16-18 | 19-21 | 22-24 | 25-27 || total
-------------------------+-------+-------+-------+-------+-------+-------+-------+-------+-------++-------
Melee: Executioner's axe |     1 |       |       |     1 |     4 |     7 |     6 |     8 |     2 ||    29
 Cast: Fireball          |       |       |       |     2 |     3 |       |       |       |       ||     5
       Ignite Poison     |       |       |       |       |     1 |       |       |       |       ||     1
       Eringya's Noxious |       |       |       |       |     1 |       |       |       |       ||     1
       Freezing Cloud    |       |       |       |       |       |     1 |       |       |       ||     1
       Haunt             |       |       |       |       |       |       |       |     1 |       ||     1
  Use: Scroll            |       |       |       |       |       |       |     1 |       |       ||     1
Dodge: Dodged            |       |       |       |       |     1 |       |       |     1 |     1 ||     3
